 Dungeon Crawl Stone Soup version 0.23.0 (webtiles) character file.

Game seed: 1928129226362703952

56 loopi the Grave Robber (level 4, -2/24 HPs)
             Began as a Kobold Necromancer on Feb 23, 2019.
             Was an Initiate of Vehumet.
             Slain by an adder (3 damage)
             ... on level 2 of the Dungeon.
             The game lasted 00:08:58 (1917 turns).

loopi the Grave Robber (Kobold Necromancer)         Turns: 1917, Time: 00:08:58

Health: -2/24      AC:  2    Str:  5    XL:     4   Next: 17%
Magic:  0/8        EV: 15    Int: 16    God:    Vehumet [......]
Gold:   35         SH:  0    Dex: 16    Spells: 4/9 levels left

rFire    . . .     SeeInvis .   g - +0 short sword
rCold    . . .     Gourm    .   (shield restricted)
rNeg     . . .     Faith    .   a - +0 robe
rPois    .         Spirit   .   (no helmet)
rElec    .         Reflect  .   (no cloak)
rCorr    .         Harm     .   (no gloves)
MR       .....                  (no boots)
Stlth    ++........             (no amulet)
HPRegen  0.08/turn              (no ring)
MPRegen  0.11/turn              (no ring)

@: lethally poisoned (-2 -> -7), berserk cooldown, flying, very slightly
contaminated, hasted and slowed
A: small, carnivore
a: Renounce Religion


You were on level 2 of the Dungeon.
You worshipped Vehumet.
Vehumet was noncommittal.
You were very full.

You visited 1 branch of the dungeon, and saw 2 of its levels.

You collected 35 gold pieces.

Inventory:

Hand Weapons
 b - a +0 club
 e - a +0 dagger
 f - a +0 hunting sling
 g - a +0 short sword (weapon)
Missiles
 d - 43 stones (quivered)
Armour
 a - a +0 robe (worn)
Jewellery
 k - an uncursed ring of ice
Scrolls
 i - a scroll of identify {unknown}
Potions
 m - a potion of berserk rage
Comestibles
 c - a ration


   Skills:
 + Level 3.6 Short Blades
 - Level 2.4 Dodging
 - Level 2.6 Stealth
 - Level 3.0 Spellcasting
 - Level 4.0 Necromancy


You had 4 spell levels left.
You knew the following spells:

 Your Spells              Type           Power        Failure   Level  Hunger
a - Pain                  Necr           ###.         3%          1    #......
b - Animate Skeleton      Necr           N/A          3%          1    #......
c - Regeneration          Chrm/Necr      #.........   24%         3    ###....

Your spell library contained the following spells:

 Spells                   Type           Power        Failure   Level  Hunger
 Vampiric Draining        Necr           ###.......   11%         3    ###....
 Animate Dead             Necr           N/A          34%         4    #####..


Dungeon Overview and Level Annotations

Branches:
Dungeon (2/15)

Altars:
Cheibriados
Hepliaklqana
Kikubaaqudgha
Qazlal
Sif Muna
Vehumet


Innate Abilities, Weirdness & Mutations

You are small and have problems with some larger weapons.
You are carnivorous and can eat meat at any time.


Message History

You feel sick.
You are no longer berserk.
You are exhausted.
You feel yourself slow down.
It was a potion of haste.
You feel yourself speed up.
* * * LOW HITPOINT WARNING * * *
You feel sick.
Casting: Pain (safe; 3% risk of failure)
Confirm with . or Enter, or press ? or * to list all spells.
Aiming: Pain (safe; 3% risk of failure)
Press: ? - help, Shift-Dir - straight line, f - adder
Aim: an adder (chance to defeat MR: 80%)
The adder writhes in agony.
* * * LOW HITPOINT WARNING * * *
You feel sick.
Unknown command.
As you read the scroll labeled RYNOTE VAMUZUH, it crumbles to dust.
You feel blessed for a moment.
It was a scroll of remove curse.
The adder bites you.
You die...

# #..........####....
.....#._..♣.._..# #....
.$...#..........# #....
.....#.._.....#.# #.#..
.........._...#.# #.##.
.......##....##.# #. #.
.......##.#..##.####.##.
..g...S#....###...# ....
#+++###@...## ###.# #..
##...# #.# #.< ##### #.#
#.. #.# #.. ####.####w#
#.........# #.##.######
#.##w# ######.##.#


You could see an adder and a goblin.

Vanquished Creatures
  An adder (D:2)
  3 oozes
  A worm (D:2)
  A dart slug (D:1)
  4 leopard geckos
  A giant cockroach (D:1)
  3 goblins (D:1)
  2 jackals (D:2)
  3 bats
  4 frilled lizards
  2 kobolds (D:1)
  4 rats
29 creatures vanquished.

Vanquished Creatures (others)
  9 toadstools (D:2)
9 creatures vanquished.

Grand Total: 38 creatures vanquished

Notes
Turn   | Place    | Note
-------+----------+-------------------------------------------
     0 | D:1      | loopi the Kobold Necromancer began the quest for the Orb.
     0 | D:1      | Reached XP level 1. HP: 10/10 MP: 3/3
   101 | D:1      | Reached XP level 2. HP: 12/15 MP: 0/5
   369 | D:1      | Learned a level 1 spell: Animate Skeleton
   494 | D:1      | Reached skill level 1 in Short Blades
   496 | D:1      | Reached XP level 3. HP: 13/19 MP: 0/7
  1116 | D:2      | Found an ancient bone altar of Kikubaaqudgha.
  1116 | D:2      | Found a snail-covered altar of Cheibriados.
  1116 | D:2      | Found a radiant altar of Vehumet.
  1118 | D:2      | Found a hazy altar of Hepliaklqana.
  1118 | D:2      | Found a deep blue altar of Sif Muna.
  1130 | D:2      | Found a stormy altar of Qazlal.
  1612 | D:2      | Learned a level 3 spell: Regeneration
  1886 | D:2      | Became a worshipper of Vehumet
  1906 | D:2      | Reached XP level 4. HP: 10/24 MP: 0/8
  1916 | D:2      | HP: 1/24 [poisoned by an adder]
  1917 | D:2      | Slain by an adder

Skill      XL: |  1  2  3 |
---------------+----------+-----
Spellcasting   | 3 |  3.0
Short Blades   | 1 3 |  3.6
Dodging        | |  2.4
Stealth        | |  2.6
Necromancy     | |  4.0

Action                   |  1- 3 |  4- 6 || total
-------------------------+-------+-------++-------
Melee: Short sword       |     9 |       ||     9
 Cast: Pain              |    68 |     2 ||    70
  Use: Potion            |       |     3 ||     3
       Scroll            |       |     1 ||     1
 Stab: Sleeping          |     1 |       ||     1
  Eat: Chunk             |     9 |       ||     9
Dodge: Dodged            |    24 |       ||    24
